 Dungeon Crawl Stone Soup version 0.19-a0-1254-gb9c29c0 (webtiles) character file.

617225 Amnesiac the Meteorologist (level 27, -21/172 HPs)
             Began as a Tengu Wizard on Aug 27, 2016.
             Was an Elder of Sif Muna.
             Demolished by an iron giant
             ... wielding a +0 giant spiked club
              (51 damage)
             ... on level 21 of a ziggurat.
             The game lasted 03:21:15 (70325 turns).

Amnesiac the Meteorologist (Tengu Wizard)          Turns: 70325, Time: 03:21:16

Health: -21/172    AC: 12    Str:  9    XL:     27
Magic:  0/59       EV: 32    Int: 28    God:    Sif Muna [****..]
Gold:   4166       SH:  8    Dex: 15    Spells: 16 memorised, 5 levels left

rFire  + . .     SeeInvis +     (no weapon)
rCold  + + .     Gourm    .     L - +2 robe {Archmagi}
rNeg   + . .     Faith    .     G - +3 buckler {rC+ rF+}
rPois  .         Spirit   +     C - +2 hat of the Bear Spirit {Spirit, +Rage rN+ MR++}
rElec  +         Dismiss  .     P - +2 cloak
rCorr  .         Reflect  .     k - +2 pair of gloves
MR     ++++.     Harm     +     (boots unavailable)
Stlth  ++........ Clarity  +    z - amulet of harm
                                g - ring "Qusokh" {MP+9 Slay+5}
                                q - ring of the Original Sin {rElec rC+ SInv}

@: flying quickly and evasively, very slightly contaminated, regenerating,
deflect missiles, divine energy, quick
A: beak, talons 3, repulsion field 1, clarity, mutation resistance 1, able to
fly 2
a: Stop Flying, Stop Divine Energy, Channel Magic, Forget Spell, Renounce
Religion, Evoke Berserk Rage
}: 3/15 runes: serpentine, barnacled, slimy


You were on level 21 of a ziggurat.
You worshipped Sif Muna.
Sif Muna was greatly pleased with you.
You were not hungry.

You visited 9 branches of the dungeon, and saw 42 of its levels.
You visited the Abyss 3 times.
You visited 1 ziggurat, and saw 21 of its levels.
You also visited: Ice Cave, Wizlab and Desolation.

You collected 5395 gold pieces.
You spent 1229 gold pieces at shops.

Inventory:

Hand Weapons
 e - a +9 quick blade of electrocution
Armour
 k - a +2 pair of gloves (worn)
 C - the +2 hat of the Bear Spirit (worn) {Spirit, +Rage rN+ MR++}
   (You found it on level 5 of the Pits of Slime)

   It protects you from negative energy.
   It affects your resistance to hostile enchantments.
   It lets you go berserk.
 G - a +3 buckler of resistance (worn)
 L - a +2 robe of the Archmagi (worn)
 P - a +2 cloak (worn)
Magical Staves
 w - an uncursed staff of energy
 x - an uncursed staff of air
Jewellery
 g - the ring "Qusokh" (right hand) {MP+9 Slay+5}
   (You found it on level 10 of a ziggurat)

   [ring of magical power]

   It affects your accuracy and damage with ranged weapons and melee attacks
   (+5).
   It affects your magic capacity (+9).
 q - the ring of the Original Sin (left hand) {rElec rC+ SInv}
   (You found it on level 14 of a ziggurat)

   [ring of protection from cold]

   It protects you from cold.
   It insulates you from electricity.
   It lets you see invisible.
 z - an amulet of harm (around neck)
 A - the ring "Tuokhletz" {rElec rN+++ Str-2 Int-2 SInv}
   (You found it on level 11 of a ziggurat)

   [ring of intelligence]

   It affects your strength (-2).
   It affects your intelligence (-2).
   It insulates you from electricity.
   It renders you almost immune to negative energy.
   It lets you see invisible.
 U - the ring "Zyshunac" {+Fly rElec Dex+4 Slay+3}
   (You found it on level 11 of a ziggurat)

   [ring of flight]

   It affects your dexterity (+4).
   It affects your accuracy and damage with ranged weapons and melee attacks
   (+3).
   It insulates you from electricity.
   It lets you fly.
Wands
 c - a wand of hasting (4/9)
 D - a wand of digging (14/24)
 O - a wand of disintegration (3/24)
 V - a wand of teleportation (5/9)
Scrolls
 b - a scroll of brand weapon
 l - 8 scrolls of teleportation
 m - 9 scrolls of enchant armour
 o - 23 scrolls of remove curse
 r - 17 scrolls of recharging
 u - 8 scrolls of fear
 y - 5 scrolls of fog
 N - 5 scrolls of amnesia
 R - 3 scrolls of silence
 S - 8 scrolls of identify
 W - a scroll of holy word
 X - 7 scrolls of magic mapping
 Y - 5 scrolls of summoning
Potions
 t - 4 potions of haste
 B - a potion of cancellation
 E - 4 potions of resistance
 F - 2 potions of cure mutation
 H - 12 potions of curing
 I - 2 potions of agility
 J - 7 potions of brilliance
 K - 2 potions of might
 T - 4 potions of ambrosia
Books
 Q - a manual of Air Magic
 Z - the Almanac of the Helpful Glacier
   (You found it on level 18 of a ziggurat)

   Spells                             Type                      Level
   a - Freeze                         Ice                          1
   b - Throw Frost                    Conjuration/Ice              2
   c - Ozocubu's Armour               Charms/Ice                   3
   d - Throw Icicle                   Conjuration/Ice              4
Miscellaneous
 a - 4 boxes of beasts
Comestibles
 d - 12 bread rations
 f - 40 meat rations
 i - 29 fruits
 j - 5 slices of pizza
 p - 21 beef jerkies


   Skills:
 + Level 17.3 Fighting
 - Level 9.0 Short Blades
 - Level 17.6 Dodging
 - Level 2.0 Stealth
 - Level 4.1 Shields
 - Level 22.0 Spellcasting
 - Level 22.1 Conjurations
 - Level 1.2 Summonings
 - Level 0.7 Translocations
 O Level 27 Air Magic
 - Level 7.0 Invocations


You had 5 spell levels left.
You knew the following spells:

 Your Spells              Type           Power        Failure   Level  Hunger
a - Deflect Missiles      Chrm/Air       ########..   1%          6    None
b - Blink                 Tloc           N/A          1%          2    None
c - Swiftness             Chrm/Air       ########     0%          2    None
d - Airstrike             Air            ########..   0%          4    None
e - Mephitic Cloud        Conj/Pois/Air  ########     0%          3    None
f - Chain Lightning       Conj/Air       ########..   1%          8    #####..
g - Orb of Destruction    Conj           ########..   1%          7    ###....
h - Tornado               Air            ########..   3%          9    ######.
i - Apportation           Tloc           ######....   1%          1    None
j - Summon Butterflies    Summ           ######..     1%          1    None
k - Dispel Undead         Necr           #####...     34%         5    None
l - Sublimation of Blood  Necr           #####.....   1%          2    None
m - Haste                 Chrm           #####...     99%         6    None
r - Regeneration          Chrm/Necr      #####.....   3%          3    None
v - Passwall              Tmut/Erth      #####.....   1%          2    None
z - Iskenderun's Mystic   Conj           ########     0%          4    None


Dungeon Overview and Level Annotations

Branches:
Dungeon (15/15)            Temple (1/1) D:7            Lair (6/6) D:11
 Shoals (4/4) Lair:3        Snake (4/4) Lair:3        Slime (5/5) Lair:6
    Orc (2/2) D:9             Elf (3/3) Orc:2        Vaults (0/5) D:13
 Depths (2/5) D:15

Altars:
Ashenzari
Cheibriados
Dithmenos
Elyvilon
Fedhas
Gozag
Hepliaklqana
Kikubaaqudgha
Makhleb
Nemelex Xobeh
Okawaru
Qazlal
Ru
Sif Muna
Trog
Uskayaw
Vehumet
Xom
Yredelemnul
Zin
The Shining One
Beogh
Jiyva

Shops:
D:6 [   D:8 ?   D:13 }   Orc:2 }}?[(   Snake:2 (   Depths:1 **?}

Portals:
Hell: Depths:1
Abyss: Depths:1


Innate Abilities, Weirdness & Mutations

You have a beak for a mouth.
You have claws for feet.
You can fly continuously.
You are surrounded by a mild repulsion field. (EV +2)
You possess an exceptional clarity of mind.
You are somewhat resistant to further mutation.


Message History

The iron giant shouts!
An iron imp comes into view.
The iron imp shouts, "Abandon hope, thou fawning toenail-biting dewberry!"
An iron imp comes into view.
The iron imp shouts, "Quit, thou erky hell-hated beggar!"
A hell hound comes into view.
The hell hound barks!
An iron imp comes into view.
The iron imp shouts!
A rust devil comes into view.
The rust devil screeches!
You hear a screech!
You hear a shout!
The tormentor calls on the powers of darkness!
Your body is wracked with pain!
* * * LOW HITPOINT WARNING * * *
The iron giant convulses!
The iron dragon convulses!
The iron imp misses you. The tengu reaver zombie misses you.
The tengu reaver zombie pecks you but does no damage.
You block the tengu reaver zombie's attack.
The iron giant hits you with a giant spiked club!!!
You die...

......... ▓.. .........
▓▓ ▓..4 ........# ..▓▓
▓..4## .3M.....##...▓▓
▓▓.......h44Z........C=▓
▓........2.5Z24.5...9)$$
........Z2.2.W..ZZM..))?
...1....Z.Z252.5@...9)):
.........Zh.5.ZZCh...%[4
...25.....Z.D...Z5...}(!
...................2.=$(
▓.Z.Z..............5Z:[:
▓▓....................)▓
▓▓...##.........##...▓▓
▓▓...# ........# ..▓▓
▓▓.......


You could see 2 iron giants, an iron dragon, 4 reapers, a soul eater
(wandering), 2 war gargoyles, an ice devil, 2 rust devils, a hellion
(wandering), 2 tormentors, a wraith (wandering), a red devil, 3 hell hounds, 2
mummies, 7 iron imps, 2 storm dragon zombies, 2 iron dragon zombies, a golden
dragon zombie, 2 spriggan defender zombies, 3 tengu reaver zombies and a caustic
shrike zombie.

Vanquished Creatures
  the Royal Jelly (Slime:5)
  An ancient lich (Zig:14)
  2 juggernauts
  2 greater mummies (Zig:15)
  Saint Roka (Snake:3)
  An iron giant (Zig:20)
  A golden dragon (Zig:14)
  A doom hound (Zig:12)
  A Tzitzimitl (Zig:12)
  2 liches
  A Hell Sentinel (Zig:20)
  A titan (Zig:14)
  3 deep elf blademasters
  A deep elf master archer (Elf:3)
  A quicksilver dragon (Zig:17)
  An Executioner (Abyss:1)
  29 acid blobs
  A kraken (Shoals:2)
  A sphinx (Zig:14)
  A tengu reaver (Zig:14)
  4 tentacled starspawn
  Frances (D:13)
  The ghost of slayr the Nimble, an adept TeAE of Vehumet (Shoals:4)
  Agnes (Snake:3)
  2 thorn hunters (Zig:18)
  29 greater nagas
  Ilsuiw (Shoals:4)
  Roxanne (D:14)
  12 azure jellies
  8 deep elf sorcerers
  2 fire giants
  An imperial myrmidon (Desolation)
  Louise (Elf:1)
  A frost giant (Depths:1)
  2 vault wardens (Zig:14)
  A caustic shrike zombie (Zig:15)
  3 ghost moths (Zig:18)
  3 emperor scorpions (Zig:18)
  Aizul (Snake:4)
  A draconian shifter (Zig:3)
  5 orc warlords
  5 deep elf elementalists (Elf:3)
  2 war gargoyles (Zig:20)
  A juggernaut zombie (Zig:12)
  3 entropy weavers (Zig:18)
  8 reapers
  2 very ugly things (Depths:2)
  6 stone giants
  A green draconian (Zig:3)
  Nessos (Orc:2)
  8 deep elf annihilators (Elf:3)
  6 deep elf demonologists (Elf:3)
  3 dire elephants
  3 halazid warlocks (Desolation)
  A black sun (Zig:10)
  A red draconian (Zig:3)
  An orange crystal statue (WizLab)
  A spark wasp (Zig:18)
  5 crystal guardians
  The ghost of st0uf the Markscentaur, a journeyman CeWr of Okawaru (Orc:2)
  2 ragged hierophants (Desolation)
  12 merfolk impalers
  10 death oozes
  A fire dragon (shapeshifter) (Zig:14)
  A green death (Abyss:2)
  3 deep elf death magi (Elf:3)
  3 ettins
  Snorg (Orc:2)
  A mummy priest (Zig:15)
  A quicksilver dragon zombie (Zig:20)
  6 merfolk javelineers
  A fire dragon (Lair:6)
  6 great orbs of eyes
  4 vault guards
  2 rakshasas (Abyss:1)
  8 deep elf high priests (Elf:3)
  31 naga warriors
  2 yaktaur captains
  An ice dragon (Depths:2)
  4 hydras
  3 peacekeepers (Desolation)
  A quicksilver dragon skeleton (Zig:12)
  6 catoblepae
  2 death knights
  3 merfolk avatars
  11 merfolk aquamancers
  14 anacondas
  2 centaur warriors
  2 anacondas (shapeshifter) (Zig:14)
  24 dancing weapons
  3 alligator snapping turtles
  Erica (D:8)
  2 titan zombies
  A queen ant (Lair:3)
  A death scarab (Zig:19)
  4 death yaks
  2 satyrs
  A deep troll earth mage (Depths:1)
  A deep troll shaman (Depths:2)
  5 servants of whispers (Desolation)
  3 ogre magi
  A thrashing horror (Abyss:1)
  A hell hog (shapeshifter) (Zig:14)
  8 tengu warriors
  A vampire mage (Zig:12)
  10 orc high priests
  9 shock serpents
  A soul eater (Zig:12)
  A shock serpent (shapeshifter) (Zig:14)
  3 wretched stars
  16 naga sharpshooters
  22 deep elf knights
  A sixfirhy (Abyss:1)
  A sun demon (Abyss:1)
  A fire crab (Lair:5)
  2 iron trolls (Zig:10)
  5 salamander mystics
  10 sea snakes
  2 shadow wraiths
  12 skeletal warriors
  4 shadow demons (Zig:12)
  6 unseen horrors
  A spriggan druid (Zig:11)
  A shadow dragon zombie (Zig:20)
  10 deep elf archers
  An anubis guard (Zig:15)
  3 necromancers
  21 harpies
  A golden dragon zombie (Zig:20)
  14 naga ritualists
  A phantasmal warrior (D:14)
  3 ironbrand convokers (Zig:14)
  Pikel (D:5)
  4 hill giants
  5 orb spiders (Zig:18)
  12 mana vipers
  10 shining eyes
  A tengu zombie (Zig:20)
  9 orc knights
  9 fauns
  58 deep elf magi
  A sphinx zombie (Zig:12)
  6 oklob plants (Zig:6)
  2 worldbinders
  13 orc sorcerers
  7 ugly things
  11 manticores
  A faun (shapeshifter) (Zig:14)
  A hornet (Zig:18)
  The ghost of Amnesiac the Reanimator, a novice DsNe (D:7)
  8 cyclopes
  6 elephants
  16 griffons
  5 wolf spiders (Zig:18)
  A fire giant skeleton (Depths:1)
  21 salamanders
  A moth of wrath (shapeshifter) (Zig:14)
  21 sirens
  4 moths of wrath
  3 rust devils (Zig:20)
  61 black mambas
  18 guardian serpents
  46 naga magi
  A vault sentinel (Zig:14)
  2 eyes of devastation
  Maurice (D:12)
  A smoke demon (Abyss:2)
  3 torpor snails
  4 ice statues
  A spriggan zombie (Zig:19)
  A water nymph (shapeshifter) (Zig:14)
  11 water nymphs
  Psyche (D:8)
  2 centaur zombies
  18 spiny frogs
  3 hellions (Zig:20)
  An orange demon (Abyss:2)
  8 rime drakes
  8 tormentors
  2 freezing wraiths
  13 komodo dragons
  2 yaktaurs (D:15)
  An ice devil (Zig:20)
  2 demonic crawlers (Zig:18)
  9 guardian mummies
  4 tengu conjurers
  13 trolls
  2 ancient zymes
  9 jumping spiders (Zig:18)
  9 polar bears
  5 two-headed ogres
  33 merfolk
  3 wind drakes (Shoals:4)
  11 blink frogs
  13 raiju
  66 slime creatures
  12 dream sheep
  28 saltlings (Desolation)
  3 elf zombies (Zig:20)
  A deep troll zombie (Depths:1)
  9 snapping turtles
  An ettin skeleton (Depths:1)
  7 flying skulls
  9 starcursed masses
  An ushabti (Zig:19)
  17 water elementals
  3 air elementals
  3 tarantellas (Zig:18)
  13 large abominations
  4 wraiths
  19 redbacks
  45 yaks
  15 wyverns
  A deep troll skeleton (Zig:2)
  A fire elemental (Elf:3)
  2 vampires
  6 shadows
  Eustachio (D:4)
  7 basilisks
  2 hungry ghosts
  15 golden eyes
  A hippogriff (shapeshifter) (Depths:2)
  3 neqoxecs
  2 chaos spawn
  19 hippogriffs
  2 steam dragons (Lair:6)
  3 mottled dragons
  A warg (shapeshifter) (D:13)
  9 vampire mosquitoes
  Menkaure (D:4)
  15 wargs
  13 small abominations
  79 nagas
  An insubstantial wisp (Abyss:1)
  A human skeleton (Depths:1)
  The ghost of 4thArraOfDagon the Firebug, an amateur DEFE (D:5)
  2 giant eyeballs
  6 porcupines
  11 soldier ants
  9 hell hounds
  17 water moccasins
  8 ice beasts
  49 orc warriors
  2 swamp drakes (Lair:6)
  4 sky beasts
  32 ogres
  A spriggan simulacrum (Depths:1)
  A wasp (Zig:18)
  9 eyes of draining
  14 black bears
  6 necrophages
  3 phantoms
  16 centaurs
  31 wolves
  19 crocodiles
  2 big kobolds
  A wyvern zombie (D:11)
  23 giant frogs
  2 earth elementals (Elf:3)
  A wyvern skeleton (D:10)
  2 scorpions
  4 killer bees
  17 wights
  A howler monkey (D:9)
  7 crimson imps
  3 giant frog zombies
  3 quasits
  12 jellies
  7 giant frog skeletons
  23 orc priests
  2 gnoll shamans
  18 hounds
  Crazy Yiuf (D:4)
  4 centaur skeletons
  5 iron imps (Zig:20)
  Natasha (thrice) (D:2)
  19 iguanas
  34 orc wizards
  27 worker ants
  A lightning spire (Zig:7)
  2 yak simulacra (Lair:2)
  2 polar bear simulacra (Lair:2)
  3 wolf simulacra (Lair:2)
  2 hound skeletons
  11 mummies
  2 worker ant zombies
  8 gnolls
  62 river rats
  18 adders
  5 shadow imps
  An ufetubus (Abyss:2)
  An adder skeleton (D:9)
  A ball lightning (Shoals:4)
  3 dart slugs
  8 giant geckos
  122 orcs
  7 giant cockroaches
  9 goblins
  12 hobgoblins
  17 jackals
  13 kobolds
  6 quokkas
  A ball python (D:1)
  14 bats
  2 giant gecko skeletons
  3 giant newts
  2 quokka skeletons
  5 rats
  4 river rat simulacra (Lair:2)
  10 briar patches (Zig:18)
  3 bushes (Zig:18)
  7 fungi
  100 plants
  3 starspawn tentacles
  2 tentacles (Shoals:2)
2493 creatures vanquished.

Vanquished Creatures (others)
  A deep elf demonologist (Elf:1)
  A shock serpent (Zig:17)
  A black mamba (Snake:2)
  A water elemental (Elf:1)
  A briar patch (Zig:18)
  A bush (Zig:18)
  31 fungi
  An orb of destruction (Desolation)
  42 plants
  13 starspawn tentacles
  6 tentacles (Shoals:2)
  A withered plant (Shoals:2)
100 creatures vanquished.

Grand Total: 2593 creatures vanquished

Notes
Turn   | Place    | Note
-------+----------+-------------------------------------------
     0 | D:1      | Amnesiac the Tengu Wizard began the quest for the Orb.
     0 | D:1      | Reached XP level 1. HP: 10/10 MP: 5/5
   180 | D:1      | Reached XP level 2. HP: 15/15 MP: 4/7
   483 | D:2      | Reached XP level 3. HP: 19/19 MP: 3/8
   491 | D:2      | Learned a level 3 spell: Mephitic Cloud
   496 | D:2      | Learned a level 3 spell: Conjure Flame
  1063 | D:3      | Found a blossoming altar of Fedhas.
  1113 | D:3      | Found a snail-covered altar of Cheibriados.
  1122 | D:3      | Found a glowing golden altar of the Shining One.
  1122 | D:3      | Found a basalt altar of Yredelemnul.
  1122 | D:3      | Found a blossoming altar of Fedhas.
  1125 | D:3      | Found a shattered altar of Ashenzari.
  1126 | D:3      | Reached XP level 4. HP: 23/24 MP: 9/9
  1147 | D:3      | Reached skill level 5 in Conjurations
  1205 | D:4      | Learned a level 2 spell: Repel Missiles
  1304 | D:4      | Noticed a phantom
  1311 | D:4      | Gained mutation: You can fly. [Tengu growth]
  1311 | D:4      | Reached XP level 5. HP: 26/28 MP: 4/10
  1404 | D:4      | Killed a phantom
  1631 | D:4      | Reached XP level 6. HP: 23/32 MP: 0/11
  1839 | D:4      | Found a sparkling altar of Nemelex Xobeh.
  1975 | D:4      | Noticed Menkaure
  2019 | D:4      | Killed Menkaure
  2019 | D:4      | Reached XP level 7. HP: 19/36 MP: 13/14
  2084 | D:4      | Reached skill level 5 in Spellcasting
  2604 | D:4      | Noticed Eustachio
  2621 | D:4      | Killed Eustachio
  2750 | D:5      | Entered Level 5 of the Dungeon
  2798 | D:5      | Found a sacrificial altar of Ru.
  2844 | D:5      | Reached XP level 8. HP: 18/41 MP: 13/16
  2850 | D:5      | Noticed 4thArraOfDagon's ghost (amateur DEFE)
  3101 | D:5      | Reached skill level 10 in Conjurations
  3248 | D:5      | Learned a level 2 spell: Blink
  3440 | D:5      | Found a stormy altar of Qazlal.
  3523 | D:5      | Killed 4thArraOfDagon's ghost
  3769 | D:5      | Noticed Pikel
  3789 | D:5      | Killed Pikel
  3789 | D:5      | Reached XP level 9. HP: 20/45 MP: 11/17
  4146 | D:6      | Found Emniklos's Armour Shoppe.
  4771 | D:6      | Gained mutation: Your flesh is heat resistant. (rF+) [mutagenic meat]
  4830 | D:6      | Learned a level 4 spell: Airstrike
  4835 | D:6      | Learned a level 4 spell: Iskenderun's Mystic Blast
  5275 | D:7      | Reached skill level 2 in Air Magic
  5377 | D:7      | Noticed Amnesiac's ghost (novice DsNe)
  5417 | D:7      | Reached skill level 3 in Air Magic
  5547 | D:7      | Killed Amnesiac's ghost
  5547 | D:7      | Reached skill level 5 in Air Magic
  5619 | D:7      | Reached skill level 6 in Air Magic
  5767 | D:7      | Found a staircase to the Ecumenical Temple.
  5769 | D:7      | Reached XP level 10. HP: 50/50 MP: 12/21
  5809 | D:7      | Reached skill level 7 in Air Magic
  5870 | Temple   | Entered the Ecumenical Temple
  5938 | Temple   | Became a worshipper of Sif Muna the Loreminder
  5969 | D:7      | Found a glowing silver altar of Zin.
  6567 | D:2      | Found an iron altar of Okawaru.
  6651 | D:2      | Noticed Natasha
  6656 | D:2      | Killed Natasha
  6692 | D:2      | Found a faded altar of an unknown god.
  7154 | D:2      | Noticed Natasha
  7155 | D:2      | Killed Natasha
  7370 | D:2      | Noticed Natasha
  7372 | D:2      | Killed Natasha
  7517 | D:3      | Reached skill level 8 in Air Magic
  8377 | D:4      | Found a runed door.
  8406 | D:4      | Noticed Crazy Yiuf
  8408 | D:4      | Killed Crazy Yiuf
  8616 | D:8      | Reached * piety under Sif Muna
  8722 | D:8      | Reached skill level 9 in Air Magic
  8733 | D:8      | Gained mutation: You are partially covered in slimy green scales. (AC +2) [mutagenic meat]
  8736 | D:8      | Gained mutation: You are frail. (-10% HP) [mutagenic meat]
  8742 | D:8      | Gained mutation: Your muscles are strong. (Str +2) [mutagenic meat]
  8994 | D:8      | Noticed Erica
  9001 | D:8      | Killed Erica
  9001 | D:8      | Reached skill level 10 in Air Magic
  9295 | D:8      | Reached skill level 11 in Air Magic
  9431 | D:8      | Noticed Psyche
  9434 | D:8      | Killed Psyche
  9523 | D:8      | Found Tiwukual's Magic Scroll Shop.
  9834 | D:9      | Found a staircase to the Orcish Mines.
  9864 | D:9      | Reached ** piety under Sif Muna
  9866 | D:9      | Reached skill level 12 in Air Magic
 10251 | D:9      | Reached XP level 11. HP: 48/48 MP: 0/22
 10258 | D:9      | Reached skill level 13 in Air Magic
 10510 | D:9      | Noticed a cyclops
 10857 | D:9      | Killed a cyclops
 11229 | D:9      | Reached skill level 14 in Air Magic
 11602 | D:10     | Entered Level 10 of the Dungeon
 11998 | D:10     | Reached *** piety under Sif Muna
 12681 | D:11     | Noticed a hill giant
 12685 | D:11     | Killed a hill giant
 12891 | D:11     | Noticed an unseen horror
 12894 | D:11     | Killed an unseen horror
 13112 | D:11     | Noticed a centaur warrior
 13120 | D:11     | Killed a centaur warrior
 13120 | D:11     | Reached **** piety under Sif Muna
 13326 | D:11     | Reached XP level 12. HP: 49/53 MP: 11/26
 13549 | D:11     | Noticed a death knight
 13556 | D:11     | Killed a death knight
 13556 | D:11     | Reached skill level 10 in Spellcasting
 13813 | D:11     | Found a staircase to the Lair.
 14735 | Lair:1   | Entered Level 1 of the Lair of Beasts
 15389 | Lair:1   | Reached skill level 5 in Dodging
 16561 | Lair:2   | Reached ***** piety under Sif Muna
 16602 | Lair:2   | Reached skill level 1 in Fighting
 16913 | Lair:2   | Identified a scroll of acquirement
 17596 | Lair:3   | Reached skill level 5 in Fighting
 17596 | Lair:3   | Reached XP level 13. HP: 64/64 MP: 21/29
 17849 | Lair:3   | Identified Sif Muna's Handbook of Dusty Flames (Sif Muna gifted it to you on level 3 of the Lair of Beasts)
 17849 | Lair:3   | Received a gift from Sif Muna
 18375 | Lair:3   | Found a staircase to the Snake Pit.
 18579 | Lair:3   | Reached skill level 15 in Air Magic
 18812 | Lair:3   | Found a staircase to the Shoals.
 18825 | Lair:3   | Learned a level 6 spell: Deflect Missiles
 20808 | Lair:4   | Reached skill level 16 in Air Magic
 20851 | Lair:4   | Identified Sif Muna's Collected Works on Dusty Shape Shifting (Sif Muna gifted it to you on level 4 of the Lair of Beasts)
 20851 | Lair:4   | Received a gift from Sif Muna
 21106 | Lair:5   | Found a frozen archway.
 21265 | IceCv    | Entered an ice cave
 21296 | IceCv    | Reached skill level 15 in Conjurations
 22073 | IceCv    | Gained mutation: You expend magic power (3 MP) to strengthen your wands. [mutagenic meat]
 22079 | IceCv    | Lost mutation: You are frail. (-10% HP) [mutagenic meat]
 22929 | Lair:6   | Entered Level 6 of the Lair of Beasts
 22932 | Lair:6   | Gained mutation: You can fly continuously. [Tengu growth]
 22932 | Lair:6   | Reached XP level 14. HP: 78/78 MP: 31/31
 23228 | Lair:6   | Reached skill level 17 in Air Magic
 24489 | Lair:6   | Identified Raarraon's Reference Book on Nocuous Sinister Arts (Sif Muna gifted it to you on level 6 of the Lair of Beasts)
 24489 | Lair:6   | Received a gift from Sif Muna
 25586 | Lair:6   | Reached skill level 18 in Air Magic
 25956 | Lair:6   | Got a sparkling platinum ring
 25958 | Lair:6   | Identified the ring "Dimir" {rPois rF- rN+ Slay+1} (You found it on level 6 of the Lair of Beasts)
 27063 | Lair:6   | Found a viscous altar of Jiyva.
 27063 | Lair:6   | Found a staircase to the Slime Pits.
 27694 | Lair:6   | Received a gift from Sif Muna
 27723 | Lair:6   | Learned a level 7 spell: Orb of Destruction
 28040 | Orc:1    | Entered Level 1 of the Orcish Mines
 28393 | Orc:2    | Entered Level 2 of the Orcish Mines
 28393 | Orc:2    | Found a staircase to the Elven Halls.
 28393 | Orc:2    | Noticed st0uf's ghost (journeyman CeWr)
 28395 | Orc:2    | Noticed Snorg
 28770 | Orc:2    | Reached skill level 1 in Invocations
 28836 | Orc:2    | Reached XP level 15. HP: 69/82 MP: 31/32
 29309 | Orc:2    | Killed st0uf's ghost
 29983 | Orc:2    | Noticed Nessos
 29990 | Orc:2    | Killed Nessos
 30015 | Orc:2    | Learned a level 3 spell: Regeneration
 30237 | Orc:2    | Found a roughly hewn altar of Beogh.
 30344 | Orc:2    | Found Ceceitygh's Quality Used Wands.
 30372 | Orc:2    | Killed Snorg
 30372 | Orc:2    | Reached skill level 5 in Invocations
 30724 | Orc:2    | Found a roughly hewn altar of Beogh.
 30740 | Orc:2    | Found Myerr's Gadget Emporium.
 30874 | Orc:2    | Found Geshe's Magic Scroll Emporium.
 30970 | Orc:2    | Noticed an orc warlord
 30998 | Orc:2    | Killed an orc warlord
 31760 | Orc:2    | Noticed an orc warlord
 31765 | Orc:2    | Killed an orc warlord
 32157 | Orc:2    | Found Ruestreus's Antique Armour Emporium.
 32158 | Orc:2    | Found a roughly hewn altar of Beogh.
 32163 | Orc:2    | Found Fodo's Antique Weapon Shoppe.
 32185 | Orc:2    | Bought a heavily runed buckler for 323 gold pieces
 32185 | Orc:2    | Bought an embroidered hat for 136 gold pieces
 32201 | Orc:2    | Identified the +1 buckler of the Orb Guardian {rC+} (You bought it in a shop on level 2 of the Orcish Mines)
 32442 | Orc:1    | Identified Sif Muna's Volume of Glacial Execration (Sif Muna gifted it to you on level 1 of the Orcish Mines)
 32442 | Orc:1    | Received a gift from Sif Muna
 32711 | Orc:2    | Bought a faintly glowing leather armour for 238 gold pieces
 32721 | Orc:2    | Identified the +3 leather armour of the Monkey's Uncle {Str+4} (You bought it in a shop on level 2 of the Orcish Mines)
 32772 | Elf:1    | Entered Level 1 of the Elven Halls
 32774 | Elf:1    | Reached skill level 19 in Air Magic
 32820 | Elf:1    | Reached ****** piety under Sif Muna
 32966 | Elf:1    | Found a ruined silver gateway.
 32971 | Desolati | Entered the Desolation of Salt
 34021 | Desolati | Gained mutation: You are partially covered in large bone plates. (AC +2, SH +2) [mutagenic meat]
 34024 | Desolati | Gained mutation: Your magical capacity is low. (-10% MP) [mutagenic meat]
 34122 | Desolati | Noticed an imperial myrmidon
 34228 | Desolati | Killed an imperial myrmidon
 34282 | Desolati | Learned a level 2 spell: Swiftness
 34335 | Desolati | Reached XP level 16. HP: 87/87 MP: 29/30
 34395 | Desolati | Gained mutation: You have supernaturally acute eyesight. (SInv) [mutagenic meat]
 34398 | Desolati | Lost mutation: Your magical capacity is low. (-10% MP) [mutagenic meat]
 34440 | Desolati | Gained mutation: You are dopey. (Int -2) [mutagenic meat]
 34443 | Desolati | Gained mutation: You are surrounded by a mild repulsion field. (EV +2) [mutagenic meat]
 34528 | Desolati | Reached skill level 20 in Air Magic
 35527 | Elf:1    | Identified Sif Muna's Incunabulum of Floating Attacks (Sif Muna gifted it to you on level 1 of the Elven Halls)
 35527 | Elf:1    | Received a gift from Sif Muna
 35538 | Elf:1    | Learned a level 8 spell: Chain Lightning
 35907 | Elf:1    | Noticed Louise
 35975 | Elf:1    | Killed Louise
 36296 | Elf:1    | HP: 2/87 [hellion/damnation[a deep elf demonologist] (37)]
 36805 | Elf:1    | You are sucked into a shaft!
 36812 | Elf:2    | Noticed a deep elf blademaster
 37322 | Elf:2    | Found a runed gate.
 37322 | Elf:2    | Found a runed gate.
 37323 | Elf:2    | Found a runed gate.
 37879 | Elf:2    | Reached skill level 21 in Air Magic
 38038 | Elf:2    | Killed a deep elf blademaster
 38190 | Elf:2    | Reached XP level 17. HP: 92/92 MP: 36/36
 38275 | Elf:2    | Identified Sif Muna's Handbook of Congealing Attacks (Sif Muna gifted it to you on level 2 of the Elven Halls)
 38275 | Elf:2    | Received a gift from Sif Muna
 38753 | Elf:3    | Entered Level 3 of the Elven Halls
 38959 | Elf:3    | Cast into level 2 of the Abyss (a deep elf demonologist)
 38962 | Abyss:2  | Found a corrupted altar of Lugonu.
 38991 | Elf:3    | Escaped the Abyss
 39013 | Elf:3    | Cast into level 2 of the Abyss (a deep elf demonologist)
 39138 | Abyss:2  | Noticed a tentacled starspawn
 39142 | Abyss:2  | Killed a tentacled starspawn
 39160 | Abyss:2  | Reached skill level 22 in Air Magic
 39503 | Abyss:2  | Noticed a bone dragon
 39807 | Abyss:2  | Noticed a tentacled starspawn
 39852 | Abyss:2  | Noticed a tentacled starspawn
 39852 | Abyss:2  | Found a corrupted altar of Lugonu.
 39881 | Elf:3    | Escaped the Abyss
 40625 | Elf:3    | Received a gift from Sif Muna
 40636 | Elf:3    | Learned a level 9 spell: Tornado
 41357 | Elf:3    | Noticed a deep elf blademaster
 41394 | Elf:3    | Killed a deep elf blademaster
 41605 | Elf:3    | Reached skill level 23 in Air Magic
 41605 | Elf:3    | Reached XP level 18. HP: 47/96 MP: 29/37
 41865 | Elf:3    | Noticed a deep elf blademaster
 41868 | Elf:3    | Killed a deep elf blademaster
 42209 | Elf:3    | Got a transparent ivory ring
 42216 | Elf:3    | Reached skill level 15 in Spellcasting
 42335 | Elf:3    | Identified Jaafueck's Grimoire of Lethal Calling (Sif Muna gifted it to you on level 3 of the Elven Halls)
 42335 | Elf:3    | Received a gift from Sif Muna
 42715 | Elf:3    | Got a smoking gossamer ring
 43165 | Elf:3    | Identified the ring "Umma" {+Inv rPois MR- Int+7} (You took it off a deep elf high priest on level 3 of the Elven Halls)
 43167 | Elf:3    | Identified the ring of Zin's Righteous Anger {*Corrode rElec rF+ Dex+3} (You took it off a deep elf elementalist on level 3 of the Elven Halls)
 43179 | Elf:3    | Gained mutation: Your spells are a little easier to cast, but a little less powerful. [potion of mutation]
 43179 | Elf:3    | Gained mutation: You have a pair of small horns on your head. [potion of mutation]
 43180 | Elf:3    | Lost mutation: You have a pair of small horns on your head. [potion of cure mutation]
 43180 | Elf:3    | Lost mutation: Your muscles are strong. (Str +2) [potion of cure mutation]
 43180 | Elf:3    | Lost mutation: Your spells are a little easier to cast, but a little less powerful. [potion of cure mutation]
 43180 | Elf:3    | Lost mutation: You have supernaturally acute eyesight. (SInv) [potion of cure mutation]
 43180 | Elf:3    | Lost mutation: You expend magic power (3 MP) to strengthen your wands. [potion of cure mutation]
 43180 | Elf:3    | Lost mutation: You are dopey. (Int -2) [potion of cure mutation]
 43504 | Elf:3    | Noticed a deep elf master archer
 43513 | Elf:3    | Killed a deep elf master archer
 43513 | Elf:3    | Reached skill level 24 in Air Magic
 43581 | Elf:3    | Learned a level 1 spell: Apportation
 43877 | Snake:1  | Entered Level 1 of the Snake Pit
 45137 | Snake:1  | Got a steaming copper ring
 45431 | Snake:2  | Received a gift from Sif Muna
 45449 | Snake:2  | Identified the ring of Nugaogh {Str+3 Int+5} (You found it on level 1 of the Snake Pit)
 45456 | Snake:2  | Reached XP level 19. HP: 98/100 MP: 4/39
 46331 | Snake:2  | Found Kickapso's Weapon Boutique.
 47175 | Snake:3  | Identified Sif Muna's Almanac of Destructive Summoning (Sif Muna gifted it to you on level 3 of the Snake Pit)
 47175 | Snake:3  | Received a gift from Sif Muna
 47259 | Snake:3  | Noticed Saint Roka
 47261 | Snake:3  | Killed Saint Roka
 47261 | Snake:3  | Reached skill level 25 in Air Magic
 47294 | Snake:3  | Noticed Agnes
 47302 | Snake:3  | Killed Agnes
 48657 | Snake:3  | Found a basalt altar of Yredelemnul.
 48721 | Snake:4  | Entered Level 4 of the Snake Pit
 49090 | Snake:4  | Received a gift from Sif Muna
 49094 | Snake:4  | Learned a level 1 spell: Summon Butterflies
 49263 | Snake:4  | Noticed Aizul
 49263 | Snake:4  | Reached XP level 20. HP: 106/106 MP: 24/41
 49265 | Snake:4  | Killed Aizul
 49605 | Snake:4  | Reached skill level 26 in Air Magic
 50464 | Snake:3  | Identified Sif Muna's Grimoire of Ensnaring Good Luck (Sif Muna gifted it to you on level 3 of the Snake Pit)
 50464 | Snake:3  | Received a gift from Sif Muna
 51048 | Snake:4  | Got a serpentine rune of Zot
 51791 | Shoals:1 | Entered Level 1 of the Shoals
 53568 | Shoals:2 | Reached skill level 27 in Air Magic
 53808 | Shoals:3 | Identified Sif Muna's Catalogue of the Lethal Volcanoes (Sif Muna gifted it to you on level 3 of the Shoals)
 53808 | Shoals:3 | Received a gift from Sif Muna
 54235 | Shoals:3 | Reached XP level 21. HP: 108/110 MP: 27/43
 54896 | Shoals:4 | Entered Level 4 of the Shoals
 54978 | Shoals:4 | Noticed slayr's ghost (adept TeAE)
 54999 | Shoals:4 | Killed slayr's ghost
 55153 | Shoals:4 | Got a pitted brass ring
 55460 | Shoals:4 | Noticed Ilsuiw
 55462 | Shoals:4 | Killed Ilsuiw
 55504 | Shoals:4 | Identified the cursed ring of Xom's Recklessness {rElec EV-2} (You took it off a merfolk on level 4 of the Shoals)
 55518 | Shoals:4 | Gained mutation: You have supernaturally acute eyesight. (SInv) [potion of beneficial mutation]
 55812 | Shoals:4 | Got a twisted ring mail
 55891 | Shoals:4 | Identified the +3 ring mail of Sipiuwk {Stlth+} (You found it on level 4 of the Shoals)
 56242 | Shoals:4 | Got a barnacled rune of Zot
 56637 | Slime:1  | Entered Level 1 of the Pits of Slime
 56641 | Slime:1  | Received a gift from Sif Muna
 57643 | Slime:2  | Gained mutation: You are weak. (Str -2) [a shining eye]
 59267 | Slime:5  | Entered Level 5 of the Pits of Slime
 59277 | Slime:5  | Identified Sif Muna's Reference Book on the Birds (Sif Muna gifted it to you on level 5 of the Pits of Slime)
 59277 | Slime:5  | Received a gift from Sif Muna
 59285 | Slime:4  | Gained mutation: Your body sometimes deteriorates upon taking damage. [a shining eye]
 59287 | Slime:4  | Gained mutation: Your body often deteriorates upon taking damage. [a shining eye]
 59447 | Slime:5  | Reached XP level 22. HP: 110/115 MP: 21/46
 59463 | Slime:5  | Noticed the Royal Jelly
 59478 | Slime:5  | Killed the Royal Jelly
 60180 | Slime:5  | Got a slimy rune of Zot
 60281 | Slime:5  | Identified the Papyrus of Mutagenic Venom
 60287 | Slime:5  | Learned a level 2 spell: Passwall
 60297 | Slime:5  | Got a pitted steel ring
 60298 | Slime:5  | Identified the ring "Axupuoz" {Fire rElec Dex+6 Stlth-} (You found it on level 5 of the Pits of Slime)
 60320 | Slime:5  | Got a faintly glowing marble ring
 60321 | Slime:5  | Identified the cursed ring "Datozeol" {+Inv rC+ AC-2} (You found it on level 5 of the Pits of Slime)
 60324 | Slime:5  | Identified the Volume of Saltpetre
 60331 | Slime:5  | Learned a level 3 spell: Regeneration
 60331 | Slime:5  | Identified Utej's Guide on Sinister Rituals and Attacks
 60336 | Slime:5  | Learned a level 2 spell: Sublimation of Blood
 60344 | Slime:5  | Identified Hinwin's Papyrus of Cankerous Protection
 60896 | D:12     | Noticed Maurice
 60897 | D:12     | Killed Maurice
 61359 | D:13     | Identified Dotuann's Almanac of Confrontation (Sif Muna gifted it to you on level 13 of the Dungeon)
 61359 | D:13     | Received a gift from Sif Muna
 61726 | D:13     | Found a gate to the Vaults.
 61818 | D:13     | Noticed Frances
 61819 | D:13     | Killed Frances
 62001 | D:13     | Found Lyafoc's Gadget Shop.
 62185 | D:13     | Lost mutation: You are weak. (Str -2) [mutagenic meat]
 62191 | D:13     | Lost mutation: You have supernaturally acute eyesight. (SInv) [mutagenic meat]
 62585 | D:14     | Noticed Roxanne
 62828 | D:14     | Killed Roxanne
 62874 | D:14     | Found a shadowy altar of Dithmenos.
 63225 | D:14     | Gained mutation: You have a pair of small horns on your head. [potion of mutation]
 63225 | D:14     | Lost mutation: Your flesh is heat resistant. (rF+) [potion of mutation]
 63245 | D:15     | Entered Level 15 of the Dungeon
 63651 | D:15     | Found a staircase to the Depths.
 64329 | Depths:1 | Entered Level 1 of the Depths
 64331 | Depths:1 | Reached skill level 1 in Short Blades
 64581 | Depths:1 | Reached skill level 5 in Short Blades
 64596 | Depths:1 | Found Lamux's Assorted Antiques.
 64641 | Depths:1 | Found Mucecogrya's Magic Scroll Emporium.
 64656 | Depths:1 | Found Yponius's Gadget Emporium.
 64665 | Depths:1 | Bought a wand of teleportation (5/9) for 432 gold pieces
 64673 | Depths:1 | Found Ditukeci's General Store.
 64794 | Depths:1 | Found a gateway to Hell.
 64797 | Depths:1 | Bought a shimmering lapis lazuli ring for 100 gold pieces
 64797 | Depths:1 | Identified the ring "Heoraiffy" {rC+ Str+5 Int+2 Dex+4} (You bought it in a shop on level 1 of the Depths)
 64923 | Depths:1 | Found a one-way gate to the infinite horrors of the Abyss.
 64995 | Depths:1 | Voluntarily entered the Abyss.
 65210 | Abyss:1  | Identified Sif Muna's Disquisition on Confrontation and the Snowflakes (Sif Muna gifted it to you on level 1 of the Abyss)
 65210 | Abyss:1  | Received a gift from Sif Muna
 65214 | Abyss:1  | Reached XP level 23. HP: 118/120 MP: 37/49
 65417 | Depths:1 | Escaped the Abyss
 65696 | Depths:2 | Found a magical portal.
 65705 | WizLab   | Entered Wucad Mu's Monastery
 65849 | WizLab   | Gained mutation: You possess an exceptional clarity of mind. [potion of beneficial mutation]
 65868 | WizLab   | Learned a level 6 spell: Haste
 65879 | WizLab   | Reached XP level 24. HP: 56/130 MP: 36/49
 66156 | Depths:2 | Found a gateway to a ziggurat.
 66166 | Depths:2 | Paralysed by a giant eyeball for 2 turns
 66177 | Depths:2 | Paralysed by a giant eyeball for 2 turns
 66185 | Zig:1    | Entered Level 1 of a ziggurat
 66405 | Zig:2    | Entered Level 2 of a ziggurat
 66504 | Zig:3    | Entered Level 3 of a ziggurat
 66512 | Zig:3    | Reached skill level 10 in Dodging
 66582 | Zig:4    | Entered Level 4 of a ziggurat
 66614 | Zig:4    | Reached XP level 25. HP: 130/134 MP: 22/39
 66802 | Zig:5    | Entered Level 5 of a ziggurat
 66911 | Zig:6    | Entered Level 6 of a ziggurat
 66942 | Zig:6    | Got a steaming copper ring
 66944 | Zig:6    | Identified the ring "Fydutioh" {rPois AC+3 Int+2} (You found it on level 6 of a ziggurat)
 67151 | Zig:7    | Entered Level 7 of a ziggurat
 67163 | Zig:7    | Reached skill level 15 in Dodging
 67313 | Zig:8    | Entered Level 8 of a ziggurat
 67322 | Zig:8    | Reached XP level 26. HP: 143/143 MP: 41/49
 67338 | Zig:8    | Identified the Volume of Displaced Protection
 67485 | Zig:9    | Entered Level 9 of a ziggurat
 67492 | Zig:9    | Gained mutation: You are frail. (-10% HP) [a shining eye]
 67502 | Zig:9    | Gained mutation: You are clumsy. (Dex -2) [a shining eye]
 67503 | Zig:9    | Lost mutation: You have a pair of small horns on your head. [potion of cure mutation]
 67503 | Zig:9    | Lost mutation: You are frail. (-10% HP) [potion of cure mutation]
 67666 | Zig:9    | Got a shimmering marble ring
 67683 | Zig:9    | Got a faintly glowing turquoise ring
 67684 | Zig:9    | Identified the ring of Focrirao {Fire Int+4 Stlth+} (You found it on level 9 of a ziggurat)
 67686 | Zig:9    | Identified the ring "Syguj" {rElec Str+4} (You found it on level 9 of a ziggurat)
 67696 | Zig:10   | Entered Level 10 of a ziggurat
 67712 | Zig:10   | Noticed a juggernaut
 67714 | Zig:10   | Killed a juggernaut
 67919 | Zig:10   | Identified the ring "Qusokh" {MP+9 Slay+5} (You found it on level 10 of a ziggurat)
 67935 | Zig:10   | Identified Yzuomug's Almanac of Moulding and Beguiling
 67950 | Zig:11   | Entered Level 11 of a ziggurat
 68169 | Zig:11   | Identified the ring "Zyshunac" {+Fly rElec Dex+4 Slay+3} (You found it on level 11 of a ziggurat)
 68178 | Zig:11   | Got a fine pewter ring
 68180 | Zig:11   | Identified the ring "Gewn" {+Blink rElec rC+ rN+ Stlth+} (You found it on level 11 of a ziggurat)
 68184 | Zig:11   | Got a sparkling lapis lazuli ring
 68185 | Zig:11   | Identified the cursed ring "Tuokhletz" {rElec rN+++ Str-2 Int-2 SInv} (You found it on level 11 of a ziggurat)
 68210 | Zig:11   | Learned a level 5 spell: Dispel Undead
 68216 | Zig:12   | Entered Level 12 of a ziggurat
 68233 | Zig:12   | Reached XP level 27. HP: 143/148 MP: 19/49
 68245 | Zig:12   | Received a gift from Sif Muna
 68396 | Zig:12   | Got a bound iron ring
 68405 | Zig:12   | Gained mutation: You are somewhat resistant to further mutation. [potion of beneficial mutation]
 68406 | Zig:12   | Lost mutation: You are partially covered in large bone plates. (AC +2, SH +2) [potion of cure mutation]
 68406 | Zig:12   | Lost mutation: You are clumsy. (Dex -2) [potion of cure mutation]
 68406 | Zig:12   | Lost mutation: Your body often deteriorates upon taking damage. [potion of cure mutation]
 68406 | Zig:12   | Lost mutation: Your body sometimes deteriorates upon taking damage. [potion of cure mutation]
 68406 | Zig:12   | Lost mutation: You are partially covered in slimy green scales. (AC +2) [potion of cure mutation]
 68422 | Zig:13   | Entered Level 13 of a ziggurat
 68433 | Zig:13   | Noticed a juggernaut
 68438 | Zig:13   | Killed a juggernaut
 68483 | Zig:13   | Identified the Almanac of Freezing Enhancements
 68513 | Zig:13   | Identified the cursed ring of Gustro Qeteo {rC++ Str-2 Dex-3} (You found it on level 12 of a ziggurat)
 68582 | Zig:14   | Entered Level 14 of a ziggurat
 68597 | Zig:14   | Noticed an ancient lich
 68601 | Zig:14   | Reached skill level 10 in Fighting
 68603 | Zig:14   | Killed an ancient lich
 68620 | Zig:14   | Got a clouded silver ring
 68810 | Zig:15   | Entered Level 15 of a ziggurat
 68815 | Zig:15   | Noticed a greater mummy
 68816 | Zig:15   | Noticed a greater mummy
 68816 | Zig:15   | Noticed a greater mummy
 68819 | Zig:15   | Noticed a greater mummy
 68820 | Zig:15   | Noticed a greater mummy
 68820 | Zig:15   | Noticed a greater mummy
 68821 | Zig:15   | Killed a greater mummy
 68822 | Zig:15   | Killed a greater mummy
 68825 | Zig:15   | Noticed a greater mummy
 68835 | Zig:16   | Entered Level 16 of a ziggurat
 68854 | Zig:16   | Identified the ring of the Original Sin {rElec rC+ SInv} (You found it on level 14 of a ziggurat)
 69223 | Zig:16   | Got a smoking jade ring
 69232 | Zig:16   | Got a faintly glowing jade ring
 69254 | Zig:16   | Identified the ring "Puutaf" {-Tele rPois Str+3 Dex+3} (You found it on level 16 of a ziggurat)
 69256 | Zig:16   | Identified the ring "Duarum" {+Blink rElec rF- Stlth+} (You found it on level 16 of a ziggurat)
 69292 | Zig:16   | Got a brightly glowing double sword
 69293 | Zig:16   | Identified the +6 double sword of the Tundras {freeze, *Confuse rElec rF- Dex+7 SInv} (You found it on level 16 of a ziggurat)
 69421 | Zig:17   | Entered Level 17 of a ziggurat
 69438 | Zig:17   | Reached skill level 15 in Fighting
 69707 | Zig:18   | Entered Level 18 of a ziggurat
 69916 | Zig:18   | Identified the Almanac of the Helpful Glacier
 69932 | Zig:18   | Identified the +0 buckler of Tenacity {*Corrode +Blink rPois rF+} (You found it on level 18 of a ziggurat)
 69950 | Zig:19   | Entered Level 19 of a ziggurat
 69956 | Zig:19   | Noticed a greater mummy
 69960 | Zig:19   | Noticed a greater mummy
 69972 | Zig:19   | Noticed a greater mummy
 69977 | Zig:19   | HP: 8/170 [soul eater/drain life[a greater mummy] (2)]
 69978 | Zig:19   | Noticed a greater mummy
 69980 | Zig:19   | Noticed a greater mummy
 69980 | Zig:19   | Noticed a greater mummy
 69983 | Zig:19   | HP: 2/170 [greater mummy/divine providence (15)]
 69984 | Zig:20   | Entered Level 20 of a ziggurat
 70262 | Zig:20   | HP: 8/171 [hellion/damnation (33)]
 70293 | Zig:20   | HP: 1/172 [hellion/damnation (19)]
 70298 | Zig:21   | Entered Level 21 of a ziggurat
 70325 | Zig:21   | Demolished by an iron giant

Vault maps used:
D:1:      dpeg_arrival_oval
D:2:      ecumenical_altar_2, okawaru_trees_1, uniq_natasha
D:3:      minitemple, minmay_strange_pillars, grunt_ministairs_2, fedhas_altar_3
D:4:      nemelex_xobeh_ov_fountains_minmay, serial_co_window_serial,
          co_window_paths_b, co_window_cross_1, co_window_corner_a,
          co_window_paths_a, co_window_paths_b, co_window_corner_ca,
          co_window_paths_c, co_window_2corner, co_window_corner_cb,
          co_window_2corner, co_window_2corner, co_window_4corner_a,
          glass_columns_c, glass_columns_a, glass_columns_b, uniq_menkaure,
          uniq_eustachio, uniq_crazy_yiuf_cottage
D:5:      kennysheep_little_box, first_bread, basic_altar, uniq_pikel
D:6:      serial_shops, nicolae_shop_waterfront
D:7:      kennysheep_mini_moat
D:8:      serial_shops, shop_fountains, uniq_psyche, uniq_erica
D:9:      david_orc_1_choice, hangedman_fish_farm
D:10:     hangedman_decor_slide_cut, dk_vineyard_2, minmay_statues_item
D:11:     david_lair_generic
D:12:     uniq_maurice
D:13:     minmay_big_diamond_grid, lightli_vaults_fourway_checkpoint,
          serial_shops, nicolae_shop_temple_entry_statues_fountains,
          st_stairs_12, uniq_frances
D:14:     kennysheep_crisscross, special_room, hangedman_abyss_or_decor_stabs,
          nicolae_dithmenos_the_darkroom, uniq_roxanne
D:15:     hangedman_depths_entry_civil_slaughter, minmay_misc_feat_five,
          lemuel_flamethrower_hall
Temple:   dshaligram_water_room_temple
Lair:1:   beast_lair_carwin_1
Lair:2:   eino_house_with_fridge, grunt_megastairs_3
Lair:3:   shoals_dummy_entry, guppyfry_snake_entry_island, zaba_antful_of_joy
Lair:5:   portal_ice_cave_rime
Lair:6:   guppyfry_lair_end_dragon, hangedman_lair_caniforms_friends,
          dpeg_slime_entry_enclosed_altar, st_stairs_7,
          infiniplex_staircase_pool_2
Shoals:2: argonaut_gorgonesque
Shoals:4: shoals_end_simple, shoals_ilsuiw_ice, nicolae_shoals_seven_spires
Snake:1:  nicolae_snake_squiggles, guppyfry_library_mini, lemuel_fruit_tree
Snake:2:  serial_shops, shop, grunt_megastairs_2
Snake:3:  cheibrodos_snake_ritualist_ritual, basic_altar, grunt_ministairs_1,
          uniq_agnes, uniq_saint_roka
Snake:4:  snake_pit, spider_trap, uniq_aizul
Slime:1:  nicolae_slime_phagocytosis
Slime:2:  nicolae_slime_welcoming_committee
Orc:2:    grunt_orc_community_town_hall, grunt_orc_community_big_house_1,
          grunt_orc_community_big_house_1, grunt_orc_community_house_2,
          grunt_orc_community_house_2, grunt_orc_community_house_2,
          grunt_orc_community_house_1, nicolae_for_you_no_charge, uniq_snorg,
          uniq_nessos
Elf:1:    elf_arrival_001, portal_desolation_entry_ruin, minivault_28,
          uniq_louise
Elf:3:    minmay_elf_hall_golems, eino_tiny_chamber, minivault_26
Depths:1: minmay_room_of_horrors, grunt_decor_one_mirror, hell_entry,
          serial_column_ruins, column_ruins_open_tiny,
          column_ruins_corridor_dead_end, column_ruins_corridor_dead_end,
          column_ruins_open_tiny_water, serial_shops, shop, shop, shop, shop,
          lightli_fourway_metalbox
Depths:2: minmay_swirls_squares, enter_ziggurat_c, abyss_entry,
          mu_enter_wizlab_5, pf_vacation_house_of_asmodeus
Abyss:1:  minivault_19
Abyss:3:  evilmike_abyss_rune_ettins, guppyfry_abyss_exit_glass_guarded
Zig:6:    ziggurat_pillar_centre_oklobs
Zig:8:    ziggurat_pillar_centre_smoke
Zig:10:   ziggurat_pillar_centre_c
Zig:13:   ziggurat_pillar_centre_dead_trees
Zig:18:   ziggurat_pillar_centre_more_plants
IceCv:    ice_cave_statue_garden_chambered
WizLab:   wizlab_wucad

Skill      XL: |  1  2  3  4  5  6  7  8  9 10 11 12 13 14 15 16 17 18 19 20 21 22 23 24 25 26 27 |
---------------+----------------------------------------------------------------------------------+-----
Conjurations   | 2 4 6 7 8 9 13 14 15 16 17 18 19 20 21 22 | 22.1
Spellcasting   | 4 5 7 9 11 12 13 14 15 16 17 19 21 22 | 22.0
Air Magic      | 6 12 14 16 18 19 21 23 24 25 27 | 27.0
Dodging        | 7 13 15 17 | 17.6
Fighting       | 5 7 8 17 | 17.3
Invocations    | 1 7 |  7.0
Shields        | 4 |  4.1
Short Blades   | 6 9 |  9.0
Stealth        | |  2.0
Summonings     | |  1.2
Translocations | |  0.7

Action                   |  1- 3 |  4- 6 |  7- 9 | 10-12 | 13-15 | 16-18 | 19-21 | 22-24 | 25-27 || total
-------------------------+-------+-------+-------+-------+-------+-------+-------+-------+-------++-------
Melee: Unarmed           |    43 |     5 |       |       |       |       |       |       |       ||    48
       Kick              |    15 |       |       |     1 |    11 |       |    13 |     3 |       ||    43
       Peck              |    13 |       |       |     1 |    11 |       |    12 |     3 |       ||    40
       Staff             |       |       |       |     1 |     6 |       |     6 |     1 |       ||    14
       Dagger            |       |       |       |     3 |       |       |       |       |       ||     3
       Scimitar          |       |       |       |       |    69 |       |       |       |       ||    69
       Quick blade       |       |       |       |       |       |       |    75 |    24 |       ||    99
       Headbutt          |       |       |       |       |       |       |       |     8 |       ||     8
 Cast: Magic Dart        |    63 |    76 |   254 |   122 |       |       |       |       |       ||   515
       Mephitic Cloud    |       |     4 |    11 |     4 |       |     3 |       |       |       ||    22
       Repel Missiles    |       |     1 |     1 |     2 |     3 |       |       |       |       ||     7
       Conjure Flame     |       |     1 |     9 |     6 |     7 |       |       |       |       ||    23
       Blink             |       |       |     3 |       |     8 |     2 |     2 |     1 |       ||    16
       Iskenderun's Myst |       |       |    21 |   424 |   544 |   215 |    30 |    14 |     1 ||  1249
       Airstrike         |       |       |     5 |    10 |   338 |    45 |     6 |       |     7 ||   411
       Orb of Destructio |       |       |       |       |    46 |   174 |    11 |     4 |    16 ||   251
       Regeneration      |       |       |       |       |    16 |     8 |       |       |    14 ||    38
       Deflect Missiles  |       |       |       |       |     2 |     8 |     5 |     2 |     3 ||    20
       Swiftness         |       |       |       |       |       |     1 |     1 |       |       ||     2
       Chain Lightning   |       |       |       |       |       |    51 |   370 |   204 |    87 ||   712
       Tornado           |       |       |       |       |       |       |     1 |     3 |    13 ||    17
       Passwall          |       |       |       |       |       |       |       |     2 |       ||     2
Invok: Divine Energy     |       |       |       |     1 |       |       |       |       |       ||     1
       Channel Magic     |       |       |       |       |     2 |    10 |    21 |    16 |    15 ||    64
 Abil: Fly               |       |       |       |       |     1 |       |       |       |       ||     1
Evoke: Staff of energy   |       |       |       |       |     1 |       |       |       |       ||     1
       Wand              |       |       |       |       |       |       |       |     6 |     1 ||     7
  Use: Scroll            |       |       |       |    26 |    16 |    15 |     5 |    11 |    27 ||   100
       Potion            |       |       |       |       |    11 |     7 |     1 |     4 |    18 ||    41
 Stab: Invisible         |       |       |       |       |     5 |       |       |       |       ||     5
  Eat: Chunk             |       |     4 |    15 |    60 |    54 |    32 |    31 |    14 |     3 ||   213
       Royal jelly       |       |       |       |     1 |       |       |       |     3 |       ||     4
       Fruit             |       |       |       |       |     2 |       |       |       |     3 ||     5
       Bread ration      |       |       |       |       |     1 |     2 |     4 |     3 |     4 ||    14
       Beef jerky        |       |       |       |       |       |       |     3 |       |       ||     3
Armor: Robe              |     4 |     5 |    16 |    13 |       |       |    88 |   111 |    39 ||   276
       Quicksilver drago |       |       |       |    32 |    89 |       |       |       |       ||   121
       Leather armour    |       |       |       |       |    11 |    34 |    70 |       |       ||   115
       Skin              |       |       |       |       |       |       |     2 |       |       ||     2
Dodge: Dodged            |    14 |    14 |    35 |    51 |   258 |    81 |    95 |    62 |   135 ||   745
       Deflected         |       |       |     4 |     9 |    26 |    36 |    53 |    12 |    31 ||   171
Block: Buckler           |       |       |       |       |    12 |    23 |    41 |    46 |    34 ||   156
